Blues vs Sabres
(R1)
Created - 19 avril 2015 at 22:31
Goals
|
| Blues |
0 |
0 |
1 |
1 |
| Sabres |
1 |
5 |
2 |
8 |
|
Shots
|
| Blues |
10 |
2 |
4 |
16 |
| Sabres |
8 |
16 |
15 |
39 |
|
1st period
1. Sabres , Viktor Kozlov 3 (Joni Pitkanen) at 15:13
Penalties :
Viktor Kozlov (Buf) for Interference (Minor) at 7:14, Tomas Kopecky (Buf) for Cross-checking (Minor) at 18:28
2nd period
2. Sabres , Ryan Hollweg 3 (Niclas Bergfors, Patrick Marleau) at 2:59 (PP)
3. Sabres , Jiri Hudler 2 (Nicklas Lidstrom, Ole-Kristian Tollefsen) at 8:18
4. Sabres , Tomas Kopecky 3 (Antoine Roussel, Jiri Hudler) at 14:44
5. Sabres , Cory Sarich 1 (Todd White, Mike Fisher) at 17:13
6. Sabres , Patrick Marleau 2 (Viktor Kozlov, Steve Downie) at 18:29
Penalties :
Paul Kariya (STL) for Holding (Minor) at 2:25, Tyler Sloan (Buf) for Slashing (Minor) at 4:29, Paul Kariya (STL) for Goalie Interference (Minor) at 9:41, Todd White (Buf) for Tripping (Minor) at 11:59, Paul Kariya (STL) for Interference (Minor) at 12:04, Nicklas Lidstrom (Buf) for Fighting (Major) at 14:49, Marian Hossa (STL) for Fighting (Major) at 14:49
3rd period
7. Sabres , Tomas Kopecky 4 (Jiri Hudler, Joni Pitkanen) at 1:39
8. Blues , Travis Zajac 2 (Dan Boyle, Andrew Cogliano) at 2:28
9. Sabres , Derick Brassard 1 (Nicklas Lidstrom) at 18:27
Penalties :
Nicklas Lidstrom (Buf) for Fighting (Major) at 0:05, Paul Kariya (STL) for Fighting (Major) at 0:05, Cory Sarich (Buf) for Fighting (Major) at 1:25, Kevin Shattenkirk (STL) for Fighting (Major) at 1:25, Ryan Hollweg (Buf) for Fighting (Major) at 5:40, Joe Pavelski (STL) for Fighting (Major) at 5:40, Ales Kotalik (STL) for Roughing (Minor) at 6:50, Jiri Hudler (Buf) for Unsportsmanlike conduct (Major / Game Misconduct) at 19:11
Goalie Stats
Cory Schneider (STL), 20 saves from 24 shots - (0,833), 25:16 minutes
Tuukka Rask (STL), 11 saves from 15 shots - (0,733), L, 1-3-0, 34:44 minutes
Evgeni Nabokov (Buf), 15 saves from 16 shots - (0,938), W, 3-1-0, 60:00 minutes
Players Stats for Blues
Player Name G A P +/- PIM S H SB GA TA FO MP PP MP PK MP
------------------------------------------------------------------------------------
Ales Kotalik 0 0 0 -1 2 3 2 0 0 1 0/0 9:47 0:02 0:27
Andrew Cogliano 0 1 1 -2 0 2 0 0 0 1 6/9 16:28 0:14 1:16
Brent Burns 0 0 0 -1 0 0 0 1 0 1 0/0 23:54 4:50 1:39
Brian Lee 0 0 0 0 0 0 0 0 0 0 0/0 4:53 0:48 0:00
Bryce Lampman 0 0 0 -4 0 0 5 1 0 2 0/0 26:15 1:14 2:58
Dan Boyle 0 1 1 -4 0 0 0 1 0 0 0/0 27:44 4:05 0:00
David Perron 0 0 0 -2 0 1 3 0 1 0 0/1 15:22 2:58 0:01
Derek Boogaard 0 0 0 0 0 1 0 0 0 0 0/0 8:39 0:00 0:41
Drew Fata 0 0 0 -1 0 0 0 0 0 0 0/0 13:43 0:00 2:58
Erik Rasmussen 0 0 0 0 0 0 0 0 0 0 1/2 6:44 0:00 0:00
Joe Pavelski 0 0 0 -2 5 0 1 1 0 0 0/0 14:34 2:58 0:00
Kevin Shattenkirk 0 0 0 -1 5 1 2 0 0 3 0/0 21:12 2:43 1:39
Marian Hossa 0 0 0 -2 5 1 1 2 1 0 1/1 18:40 3:43 0:00
Nik Antropov 0 0 0 -2 0 0 1 0 0 0 8/18 19:07 3:45 2:45
Paul Kariya 0 0 0 -3 11 3 1 1 0 0 0/1 19:06 3:42 0:00
Sergei Shirokov 0 0 0 -1 0 2 0 0 1 0 0/0 11:19 0:00 1:19
Taylor Pyatt 0 0 0 -1 0 1 3 0 0 2 0/0 14:38 0:09 2:45
Travis Zajac 1 0 1 -3 0 1 1 0 0 1 12/26 21:16 2:58 0:00
Players Stats for Sabres
Player Name G A P +/- PIM S H SB GA TA FO MP PP MP PK MP
------------------------------------------------------------------------------------
Antoine Roussel 0 1 1 2 0 0 0 0 0 0 2/3 14:56 0:18 1:14
Cory Sarich 1 0 1 4 5 2 1 0 1 0 0/0 17:27 0:00 0:00
Derick Brassard 1 0 1 1 0 3 2 0 1 0 9/15 15:50 2:27 0:00
Jiri Hudler 1 2 3 2 15 3 1 0 0 0 5/17 15:45 2:10 0:52
Joni Pitkanen 0 2 2 4 0 4 2 3 3 0 0/0 26:45 3:13 2:06
Kyle Calder 0 0 0 1 0 1 0 0 0 0 0/0 10:43 0:00 1:11
Mike Fisher 0 1 1 1 0 3 1 0 1 0 3/5 8:44 0:00 0:00
Nicklas Lidstrom 0 2 2 2 10 1 2 2 2 0 0/0 16:30 1:24 1:15
Niclas Bergfors 0 1 1 1 0 4 0 0 0 0 2/2 14:45 2:10 0:00
Ole-Kristian Tollefsen 0 1 1 2 0 0 4 0 1 0 0/0 25:15 3:13 2:06
Patrick Marleau 1 1 2 2 0 4 2 0 0 0 0/0 17:46 2:27 1:50
Richard Lintner 0 0 0 0 0 0 2 1 0 1 0/0 16:27 1:24 4:44
Ryan Hollweg 1 0 1 1 5 3 1 0 2 0 0/0 13:20 1:07 0:00
Steve Downie 0 1 1 2 0 2 1 0 0 1 0/0 19:13 2:27 3:49
Todd White 0 1 1 1 2 1 1 0 0 0 0/0 10:33 0:00 1:50
Tomas Kopecky 2 0 2 2 2 3 0 0 0 1 0/0 13:40 0:45 0:00
Tyler Sloan 0 0 0 0 2 1 1 1 0 0 0/0 17:38 0:00 3:29
Viktor Kozlov 1 1 2 2 2 4 2 0 0 0 9/16 15:50 0:00 2:54
3 Stars
1 - Joni Pitkanen (Buf)
2 - Patrick Marleau (Buf)
3 - Tomas Kopecky (Buf)
Power Play
Blues - 0 on 5 Attempt(s) - 0,00%
Sabres - 1 on 4 Attempt(s) - 25,00%
Penalty Kill
Blues - 3 on 4 Attempt(s) - 75,00%
- Score 0 goal in Penalty Kill
Sabres - 5 on 5 Attempt(s) - 100,00%
- Score 0 goal in Penalty Kill
Team Stat
Blues - Hits : 20 - Faceoff Wins : 28 - Blocked Shots : 7 - Penalty Minutes : 28
Sabres - Hits : 23 - Faceoff Wins : 30 - Blocked Shots : 7 - Penalty Minutes : 43
Official
Referees : Charron Francis and Kimmerly Greg
Linesman : Scott Driscoll and Brad Lazarowich
Game Notes
Brian Lee is injured at 13:35 of 1st period (Strained Back)
Cory Schneider enters game at 14:44 of 2nd period
Nicklas Lidstrom beats up Marian Hossa at 14:49 of 2nd period
Nicklas Lidstrom and Paul Kariya fight to a draw at 0:05 of 3rd period
Kevin Shattenkirk beats up Cory Sarich at 1:25 of 3rd period
Ryan Hollweg beats up Joe Pavelski at 5:40 of 3rd period
Jiri Hudler ejected from game at 19:11 of 3rd period
Finance
Level 1 -- Attendance: 6000 (100,00%) -- Ticket Income 516 000 $
Level 2 -- Attendance: 5000 (100,00%) -- Ticket Income 265 000 $
Level 3 -- Attendance: 1816 (90,80%) -- Ticket Income 59 928 $
Level 4 -- Attendance: 3348 (83,70%) -- Ticket Income 77 004 $
Luxury Box -- Attendance: 1000 (100,00%) -- Ticket Income 170 000 $
Game was played at the Duff Garden'
Total Attendance: 17164 (95,36%)
Total Ticket Income: 1 087 932 $
Other Income: 163 190 $
Total Income: 1 251 122 $
Blues
5 vs 5 Forward
Center Left Wing Right Wing Time % Phy DF OF
1 Travis Zajac Paul Kariya Marian Hossa 40 1 2 2
2 Nik Antropov David Perron Joe Pavelski 30 1 2 2
3 Andrew Cogliano Taylor Pyatt Sergei Shirokov 20 1 2 2
4 Erik Rasmussen Derek Boogaard Ales Kotalik 10 1 2 2
5 vs 5 Defense
Defense Defense Time % Phy DF OF
1 Dan Boyle Bryce Lampman 40 1 2 2
2 Brent Burns Brian Lee 30 1 2 2
3 Drew Fata Kevin Shattenkirk 20 1 2 2
4 Dan Boyle Brent Burns 10 1 2 2
PowerPlay Forward
Center Left Wing Right Wing Time % Phy DF OF
1 Nik Antropov Paul Kariya Marian Hossa 60 1 2 2
2 Travis Zajac David Perron Joe Pavelski 40 1 2 2
PowerPlay Defense
Defense Defense Time % Phy DF OF
1 Dan Boyle Brent Burns 60 1 2 2
2 Brian Lee Kevin Shattenkirk 40 1 2 2
Penalty Kill 4 Players Forward
Center Wing Time % Phy DF OF
1 Nik Antropov Taylor Pyatt 60 1 2 2
2 Ales Kotalik Sergei Shirokov 40 1 2 2
Penalty Kill 4 Players Defense
Defense Defense Time % Phy DF OF
1 Bryce Lampman Drew Fata 60 1 2 2
2 Brent Burns Kevin Shattenkirk 40 1 2 2
Penalty Kill - 3 Players Forward
Forward Time % Phy DF OF
1 Taylor Pyatt 60 1 2 2
2 Ales Kotalik 40 1 2 2
Penalty Kill - 3 Players Defense
Defense Defense Time % Phy DF OF
1 Drew Fata Bryce Lampman 60 1 2 2
2 Brian Lee Dan Boyle 40 1 2 2
4 vs 4 Forward
Center Wing Time % Phy DF OF
1 Travis Zajac Paul Kariya 60 1 2 2
2 Nik Antropov Marian Hossa 40 1 2 2
4 vs 4 Defense
Defense Defense Time % Phy DF OF
1 Dan Boyle Bryce Lampman 60 1 2 2
2 Brent Burns Brian Lee 40 1 2 2
Last Minutes Offensive
Center Left Wing Right Wing Defense Defense
Travis Zajac Paul Kariya Marian Hossa Dan Boyle Brent Burns
Last Minutes Defensive
Center Left Wing Right Wing Defense Defense
Nik Antropov Taylor Pyatt Sergei Shirokov Bryce Lampman Drew Fata
Goaltenders
Starting : Tuukka Rask
Backup : Cory Schneider
Extra Forwards
Normal : Andrew Cogliano, Taylor Pyatt, Sergei Shirokov - PP : Andrew Cogliano, Taylor Pyatt - PK : Sergei Shirokov
Extra Defensemen
Normal : Brian Lee, Kevin Shattenkirk, Bryce Lampman - PP : Brian Lee - PK : Kevin Shattenkirk, Dan Boyle
Penalty Shots
David Perron, Joe Pavelski, Marian Hossa, Travis Zajac, Nik Antropov
Sabres
5 vs 5 Forward
Center Left Wing Right Wing Time % Phy DF OF
1 Viktor Kozlov Patrick Marleau Steve Downie 30 1 2 2
2 Derick Brassard Ryan Hollweg Niclas Bergfors 30 1 2 2
3 Jiri Hudler Antoine Roussel Tomas Kopecky 30 1 3 1
4 Mike Fisher Kyle Calder Todd White 10 1 4 0
5 vs 5 Defense
Defense Defense Time % Phy DF OF
1 Cory Sarich Joni Pitkanen 40 1 3 1
2 Ole-Kristian Tollefsen Nicklas Lidstrom 40 1 3 1
3 Richard Lintner Tyler Sloan 15 1 3 1
4 Ole-Kristian Tollefsen Joni Pitkanen 5 1 2 2
PowerPlay Forward
Center Left Wing Right Wing Time % Phy DF OF
1 Derick Brassard Patrick Marleau Steve Downie 60 2 0 3
2 Jiri Hudler Ryan Hollweg Niclas Bergfors 40 1 0 4
PowerPlay Defense
Defense Defense Time % Phy DF OF
1 Ole-Kristian Tollefsen Joni Pitkanen 75 1 2 2
2 Richard Lintner Nicklas Lidstrom 25 1 3 1
Penalty Kill 4 Players Forward
Center Wing Time % Phy DF OF
1 Viktor Kozlov Steve Downie 60 1 4 0
2 Todd White Patrick Marleau 40 1 4 0
Penalty Kill 4 Players Defense
Defense Defense Time % Phy DF OF
1 Richard Lintner Tyler Sloan 65 1 4 0
2 Ole-Kristian Tollefsen Joni Pitkanen 35 1 3 1
Penalty Kill - 3 Players Forward
Forward Time % Phy DF OF
1 Viktor Kozlov 60 1 4 0
2 Todd White 40 1 4 0
Penalty Kill - 3 Players Defense
Defense Defense Time % Phy DF OF
1 Richard Lintner Tyler Sloan 65 1 4 0
2 Ole-Kristian Tollefsen Joni Pitkanen 35 1 4 0
4 vs 4 Forward
Center Wing Time % Phy DF OF
1 Derick Brassard Patrick Marleau 60 1 2 2
2 Viktor Kozlov Steve Downie 40 1 3 1
4 vs 4 Defense
Defense Defense Time % Phy DF OF
1 Richard Lintner Tyler Sloan 65 1 3 1
2 Ole-Kristian Tollefsen Joni Pitkanen 35 1 2 2
Last Minutes Offensive
Center Left Wing Right Wing Defense Defense
Derick Brassard Patrick Marleau Steve Downie Ole-Kristian Tollefsen Joni Pitkanen
Last Minutes Defensive
Center Left Wing Right Wing Defense Defense
Viktor Kozlov Patrick Marleau Steve Downie Ole-Kristian Tollefsen Joni Pitkanen
Goaltenders
Starting : Evgeni Nabokov
Backup : Michal Neuvirth
Extra Forwards
Normal : Antoine Roussel, Tomas Kopecky, Kyle Calder - PP : Tomas Kopecky, Antoine Roussel - PK : Antoine Roussel
Extra Defensemen
Normal : Cory Sarich, Nicklas Lidstrom, Tyler Sloan - PP : Cory Sarich - PK : Nicklas Lidstrom, Cory Sarich
Penalty Shots
Niclas Bergfors, Patrick Marleau, Jiri Hudler, Ryan Hollweg, Steve Downie
% Time on Ice - Blues
Lines # - Real PCT - Wanted PCT - Time Play
Normal Forward
1 - 39% - 40% - 18:14
2 - 26% - 30% - 12:13
3 - 20% - 20% - 9:28
4 - 14% - 10% - 6:44
Normal Defense
1 - 37% - 40% - 17:12
2 - 37% - 30% - 17:28
3 - 20% - 20% - 9:16
4 - 6% - 10% - 2:43
PP Forward
1 - 57% - 60% - 3:52
2 - 43% - 40% - 2:58
PP Defense
1 - 60% - 60% - 4:05
2 - 40% - 40% - 2:45
PK Forward
1 - 75% - 60% - 3:27
2 - 25% - 40% - 1:10
PK Defense
1 - 64% - 60% - 2:58
2 - 36% - 40% - 1:39
PK3 Forward
1 - 0% - 60%
2 - 0% - 40%
PK3 Defense
1 - 0% - 60%
2 - 0% - 40%
44 Forward
1 - 100% - 60% - 1:54
2 - 0% - 40% - 0:00
44 Defense
1 - 49% - 60% - 0:56
2 - 51% - 40% - 0:58
Last Minute Offensive - 0:00
Last Minute Defensive - 0:00
Total
Forward - 60:00
Defense - 60:00
|
% Time on Ice - Sabres
Lines # - Real PCT - Wanted PCT - Time Play
Normal Forward
1 - 27% - 30% - 12:45
2 - 27% - 30% - 12:35
3 - 27% - 30% - 12:35
4 - 19% - 10% - 8:44
Normal Defense
1 - 40% - 40% - 18:31
2 - 40% - 40% - 18:28
3 - 20% - 15% - 9:15
4 - 1% - 5% - 0:25
PP Forward
1 - 53% - 60% - 2:27
2 - 47% - 40% - 2:10
PP Defense
1 - 68% - 75% - 3:08
2 - 32% - 25% - 1:29
PK Forward
1 - 73% - 60% - 5:00
2 - 27% - 40% - 1:50
PK Defense
1 - 69% - 65% - 4:44
2 - 31% - 35% - 2:06
PK3 Forward
1 - 0% - 60%
2 - 0% - 40%
PK3 Defense
1 - 0% - 65%
2 - 0% - 35%
44 Forward
1 - 82% - 60% - 1:34
2 - 18% - 40% - 0:20
44 Defense
1 - 61% - 65% - 1:10
2 - 39% - 35% - 0:44
Last Minute Offensive - 0:00
Last Minute Defensive - 0:00
Total
Forward - 60:00
Defense - 60:00
|
Play by Play
1st period
0:01 of 1st period - Viktor Kozlov wins face-off versus Travis Zajac in neutral zone.
1:10 of 1st period - Wrist shot by Derek Boogaard.
1:10 of 1st period - Deflect By Ales Kotalik.
1:10 of 1st period - Stopped by Evgeni Nabokov with a rebound.
1:52 of 1st period - Wrist shot by David Perron.
1:52 of 1st period - Shot Blocked by Tyler Sloan.
2:40 of 1st period - Snap shot by Andrew Cogliano.
2:40 of 1st period - Shot Blocked by Joni Pitkanen.
2:42 of 1st period - Wrist shot by Andrew Cogliano.
2:42 of 1st period - Shot Blocked by Joni Pitkanen.
3:19 of 1st period - Off-side.
3:20 of 1st period - Derick Brassard wins face-off versus Travis Zajac in neutral zone.
3:44 of 1st period - Bryce Lampman is hit by Nicklas Lidstrom.
3:48 of 1st period - Slapshot by Derick Brassard.
3:48 of 1st period - Shot Misses the Net.
4:10 of 1st period - Snap shot by Derick Brassard.
4:10 of 1st period - Shot Blocked by Marian Hossa.
4:18 of 1st period - Slapshot by Travis Zajac.
4:18 of 1st period - Shot Misses the Net.
4:26 of 1st period - Snap shot by Paul Kariya.
4:26 of 1st period - Shot Blocked by Nicklas Lidstrom.
4:28 of 1st period - Wrist shot by Dan Boyle.
4:28 of 1st period - Deflect By Marian Hossa.
4:28 of 1st period - Shot Blocked by Nicklas Lidstrom.
4:28 of 1st period - Puck is out of play.
4:29 of 1st period - Nik Antropov wins face-off versus Jiri Hudler in Sabres zone.
5:00 of 1st period - Viktor Kozlov is hit by Taylor Pyatt and loses puck.
5:58 of 1st period - Steve Downie is hit by Bryce Lampman and loses puck.
6:03 of 1st period - Snap shot by Andrew Cogliano.
6:03 of 1st period - Deflect By Sergei Shirokov.
6:03 of 1st period - Stopped by Evgeni Nabokov with a rebound.
7:09 of 1st period - Snap shot by Nik Antropov.
7:09 of 1st period - Shot Misses the Net.
7:11 of 1st period - Snap shot by Sergei Shirokov.
7:11 of 1st period - Deflect By Andrew Cogliano.
7:11 of 1st period - Stopped by Evgeni Nabokov without a rebound.
7:12 of 1st period - Viktor Kozlov wins face-off versus Andrew Cogliano in Sabres zone.
7:14 of 1st period - Minor Penalty to Viktor Kozlov for Interference.
7:15 of 1st period - Antoine Roussel wins face-off versus Nik Antropov in Sabres zone.
7:29 of 1st period - Snap shot by Steve Downie.
7:29 of 1st period - Shot Misses the Net.
7:31 of 1st period - Slapshot by Richard Lintner.
7:31 of 1st period - Shot Misses the Net.
8:04 of 1st period - Slapshot by Kyle Calder.
8:04 of 1st period - Shot Misses the Net.
8:14 of 1st period - Ole-Kristian Tollefsen is hit by Paul Kariya and loses puck.
9:14 of 1st period - Penalty to Viktor Kozlov is over, Viktor Kozlov is back on ice.
9:15 of 1st period - Snap shot by Ales Kotalik.
9:15 of 1st period - Stopped by Evgeni Nabokov without a rebound.
9:16 of 1st period - Andrew Cogliano wins face-off versus Derick Brassard in Sabres zone.
9:29 of 1st period - Ole-Kristian Tollefsen is hit by Bryce Lampman and loses puck.
10:40 of 1st period - Bryce Lampman is hit by Viktor Kozlov and loses puck.
10:44 of 1st period - Icing by Bryce Lampman.
10:45 of 1st period - Viktor Kozlov wins face-off versus Travis Zajac in Blues zone.
10:50 of 1st period - Slapshot by Patrick Marleau.
10:50 of 1st period - Shot Blocked by Brent Burns.
11:00 of 1st period - Slapshot by Marian Hossa.
11:00 of 1st period - Stopped by Evgeni Nabokov with a rebound.
11:02 of 1st period - Snap shot by Paul Kariya.
11:02 of 1st period - Stopped by Evgeni Nabokov without a rebound.
11:03 of 1st period - Antoine Roussel wins face-off versus David Perron in Sabres zone.
11:03 of 1st period - Antoine Roussel is hit by Nik Antropov.
11:28 of 1st period - Marian Hossa is hit by Ryan Hollweg and loses puck.
11:35 of 1st period - Wrist shot by Derick Brassard.
11:35 of 1st period - Shot Hit the Post.
11:37 of 1st period - Snap shot by Derick Brassard.
11:37 of 1st period - Shot Blocked by Marian Hossa.
11:51 of 1st period - Wrist shot by Kyle Calder.
11:51 of 1st period - Stopped by Tuukka Rask with a rebound.
11:53 of 1st period - Slapshot by Joni Pitkanen.
11:53 of 1st period - Stopped by Tuukka Rask with a rebound.
11:55 of 1st period - Slapshot by Joni Pitkanen.
11:55 of 1st period - Stopped by Tuukka Rask with a rebound.
11:59 of 1st period - Wrist shot by Kyle Calder.
11:59 of 1st period - Deflect By Mike Fisher.
11:59 of 1st period - Shot Misses the Net.
11:59 of 1st period - Puck is out of play.
12:00 of 1st period - Jiri Hudler wins face-off versus Nik Antropov in Blues zone.
12:21 of 1st period - Nik Antropov is hit by Cory Sarich and loses puck.
13:34 of 1st period - Brian Lee is hit by Ole-Kristian Tollefsen and loses puck.
13:35 of 1st period - Brian Lee from Blues is injured at 13:35 of 1st period (Strained Back).
13:36 of 1st period - Travis Zajac wins face-off versus Jiri Hudler in Sabres zone.
13:39 of 1st period - Snap shot by Paul Kariya.
13:39 of 1st period - Stopped by Evgeni Nabokov with a rebound.
14:01 of 1st period - Patrick Marleau is hit by David Perron and loses puck.
14:24 of 1st period - Wrist shot by Derick Brassard.
14:24 of 1st period - Stopped by Tuukka Rask without a rebound.
14:25 of 1st period - Derick Brassard wins face-off versus Andrew Cogliano in Blues zone.
14:38 of 1st period - Snap shot by Andrew Cogliano.
14:38 of 1st period - Stopped by Evgeni Nabokov with a rebound.
14:40 of 1st period - Slapshot by Sergei Shirokov.
14:40 of 1st period - Stopped by Evgeni Nabokov without a rebound.
14:41 of 1st period - Jiri Hudler wins face-off versus Travis Zajac in Sabres zone.
15:13 of 1st period - Snap shot by Viktor Kozlov.
15:13 of 1st period - Goal by Viktor Kozlov - Blues : 0 - Sabres : 1.
15:14 of 1st period - Travis Zajac wins face-off versus Jiri Hudler in neutral zone.
15:46 of 1st period - Joe Pavelski is hit by Patrick Marleau and loses puck.
16:19 of 1st period - Wrist shot by Kyle Calder.
16:19 of 1st period - Shot Hit the Post.
16:21 of 1st period - Snap shot by Tyler Sloan.
16:21 of 1st period - Deflect By Mike Fisher.
16:21 of 1st period - Stopped by Tuukka Rask without a rebound.
16:22 of 1st period - Erik Rasmussen wins face-off versus Mike Fisher in Blues zone.
16:22 of 1st period - Erik Rasmussen is hit by Todd White.
16:37 of 1st period - Wrist shot by Derek Boogaard.
16:37 of 1st period - Stopped by Evgeni Nabokov without a rebound.
16:38 of 1st period - Travis Zajac wins face-off versus Jiri Hudler in Sabres zone.
17:03 of 1st period - Steve Downie is hit by David Perron and loses puck.
17:26 of 1st period - Snap shot by Derick Brassard.
17:26 of 1st period - Shot Misses the Net.
17:28 of 1st period - Slapshot by Nicklas Lidstrom.
17:28 of 1st period - Deflect By Dan Boyle.
17:28 of 1st period - Stopped by Tuukka Rask without a rebound.
17:29 of 1st period - Andrew Cogliano wins face-off versus Mike Fisher in Blues zone.
17:41 of 1st period - Slapshot by Mike Fisher.
17:41 of 1st period - Stopped by Tuukka Rask with a rebound.
18:28 of 1st period - Minor Penalty to Tomas Kopecky for Cross-checking.
18:29 of 1st period - Nik Antropov wins face-off versus Viktor Kozlov in Sabres zone.
18:34 of 1st period - Wrist shot by Marian Hossa.
18:34 of 1st period - Shot Misses the Net.
19:56 of 1st period - Richard Lintner is hit by David Perron and loses puck.
Goals for this period are 0 for Blues vs 1 for Sabres.
Shots for this period are 10 for Blues vs 8 for Sabres.
2nd period
0:01 of 2nd period - Nik Antropov wins face-off versus Viktor Kozlov in neutral zone.
0:08 of 2nd period - Slapshot by Marian Hossa.
0:08 of 2nd period - Shot Blocked by Richard Lintner.
0:10 of 2nd period - Slapshot by Paul Kariya.
0:10 of 2nd period - Shot Misses the Net.
0:28 of 2nd period - Penalty to Tomas Kopecky is over, Tomas Kopecky is back on ice.
0:37 of 2nd period - Wrist shot by Niclas Bergfors.
0:37 of 2nd period - Stopped by Tuukka Rask without a rebound.
0:38 of 2nd period - Niclas Bergfors wins face-off versus Travis Zajac in Blues zone.
1:03 of 2nd period - Wrist shot by Niclas Bergfors.
1:03 of 2nd period - Shot Misses the Net.
1:31 of 2nd period - Slapshot by Derek Boogaard.
1:31 of 2nd period - Shot Misses the Net.
1:33 of 2nd period - Wrist shot by Derek Boogaard.
1:33 of 2nd period - Deflect By Ales Kotalik.
1:33 of 2nd period - Stopped by Evgeni Nabokov with a rebound.
1:43 of 2nd period - Sergei Shirokov is hit by Ole-Kristian Tollefsen and loses puck.
2:02 of 2nd period - Snap shot by Paul Kariya.
2:02 of 2nd period - Deflect By Patrick Marleau.
2:02 of 2nd period - Shot Misses the Net.
2:02 of 2nd period - Puck is out of play.
2:03 of 2nd period - Travis Zajac wins face-off versus Viktor Kozlov in Sabres zone.
2:25 of 2nd period - Minor Penalty to Paul Kariya for Holding.
2:26 of 2nd period - Nik Antropov wins face-off versus Derick Brassard in Blues zone.
2:59 of 2nd period - Wrist shot by Ryan Hollweg.
2:59 of 2nd period - Goal by Ryan Hollweg - Blues : 0 - Sabres : 2.
3:00 of 2nd period - Jiri Hudler wins face-off versus Travis Zajac in neutral zone.
4:29 of 2nd period - Minor Penalty to Tyler Sloan for Slashing.
4:30 of 2nd period - Marian Hossa wins face-off versus Viktor Kozlov in Sabres zone.
6:29 of 2nd period - Penalty to Tyler Sloan is over, Tyler Sloan is back on ice.
7:06 of 2nd period - Jiri Hudler is hit by Taylor Pyatt and loses puck.
7:19 of 2nd period - Dan Boyle is hit by Mike Fisher and loses puck.
7:26 of 2nd period - Wrist shot by Mike Fisher.
7:26 of 2nd period - Stopped by Tuukka Rask without a rebound.
7:27 of 2nd period - Viktor Kozlov wins face-off versus Travis Zajac in Blues zone.
7:32 of 2nd period - Snap shot by Patrick Marleau.
7:32 of 2nd period - Shot Misses the Net.
7:53 of 2nd period - Taylor Pyatt is hit by Derick Brassard and loses puck.
8:18 of 2nd period - Wrist shot by Jiri Hudler.
8:18 of 2nd period - Goal by Jiri Hudler - Blues : 0 - Sabres : 3.
8:19 of 2nd period - Viktor Kozlov wins face-off versus Travis Zajac in neutral zone.
8:24 of 2nd period - Snap shot by Patrick Marleau.
8:24 of 2nd period - Stopped by Tuukka Rask with a rebound.
8:44 of 2nd period - Cory Sarich is hit by Taylor Pyatt.
8:54 of 2nd period - Wrist shot by Taylor Pyatt.
8:54 of 2nd period - Stopped by Evgeni Nabokov without a rebound.
8:55 of 2nd period - Travis Zajac wins face-off versus Jiri Hudler in Sabres zone.
9:25 of 2nd period - Off-side.
9:26 of 2nd period - Derick Brassard wins face-off versus Nik Antropov in neutral zone.
9:38 of 2nd period - Snap shot by Ryan Hollweg.
9:38 of 2nd period - Stopped by Tuukka Rask without a rebound.
9:39 of 2nd period - Travis Zajac wins face-off versus Jiri Hudler in Blues zone.
9:41 of 2nd period - Minor Penalty to Paul Kariya for Goalie Interference.
9:42 of 2nd period - Nik Antropov wins face-off versus Derick Brassard in Blues zone.
9:42 of 2nd period - Taylor Pyatt is hit by Joni Pitkanen and loses puck.
10:31 of 2nd period - Sergei Shirokov is hit by Patrick Marleau and loses puck.
11:41 of 2nd period - Penalty to Paul Kariya is over, Paul Kariya is back on ice.
11:59 of 2nd period - Minor Penalty to Todd White for Tripping.
12:00 of 2nd period - Viktor Kozlov wins face-off versus Nik Antropov in Sabres zone.
12:04 of 2nd period - Minor Penalty to Paul Kariya for Interference.
12:05 of 2nd period - Derick Brassard wins face-off versus Travis Zajac in Blues zone.
13:23 of 2nd period - Bryce Lampman is hit by Richard Lintner and loses puck.
13:59 of 2nd period - Penalty to Todd White is over, Todd White is back on ice.
14:04 of 2nd period - Penalty to Paul Kariya is over, Paul Kariya is back on ice.
14:23 of 2nd period - Snap shot by Joe Pavelski.
14:23 of 2nd period - Shot Blocked by Joni Pitkanen.
14:44 of 2nd period - Snap shot by Tomas Kopecky.
14:44 of 2nd period - Goal by Tomas Kopecky - Blues : 0 - Sabres : 4.
14:44 of 2nd period - Cory Schneider enters game.
14:45 of 2nd period - Travis Zajac wins face-off versus Antoine Roussel in neutral zone.
14:48 of 2nd period - Wrist shot by Marian Hossa.
14:48 of 2nd period - Shot Misses the Net.
14:49 of 2nd period - Nicklas Lidstrom beats up Marian Hossa.
14:49 of 2nd period - Penalty to Nicklas Lidstrom for Fighting.
14:49 of 2nd period - Penalty to Marian Hossa for Fighting.
14:50 of 2nd period - Travis Zajac wins face-off versus Jiri Hudler in Sabres zone.
15:28 of 2nd period - Wrist shot by Viktor Kozlov.
15:28 of 2nd period - Shot Misses the Net.
16:04 of 2nd period - Slapshot by Ole-Kristian Tollefsen.
16:04 of 2nd period - Deflect By Todd White.
16:04 of 2nd period - Shot Misses the Net.
16:04 of 2nd period - Puck is out of play.
16:05 of 2nd period - Mike Fisher wins face-off versus Travis Zajac in Blues zone.
16:44 of 2nd period - Cory Sarich is hit by Kevin Shattenkirk and loses puck.
16:51 of 2nd period - Kyle Calder is hit by Travis Zajac and loses puck.
16:56 of 2nd period - Snap shot by Paul Kariya.
16:56 of 2nd period - Shot Misses the Net.
16:58 of 2nd period - Slapshot by Dan Boyle.
16:58 of 2nd period - Shot Misses the Net.
17:04 of 2nd period - Andrew Cogliano is hit by Tyler Sloan and loses puck.
17:11 of 2nd period - Snap shot by Todd White.
17:11 of 2nd period - Stopped by Cory Schneider with a rebound.
17:13 of 2nd period - Slapshot by Cory Sarich.
17:13 of 2nd period - Goal by Cory Sarich - Blues : 0 - Sabres : 5.
17:14 of 2nd period - Jiri Hudler wins face-off versus Nik Antropov in neutral zone.
17:14 of 2nd period - Jiri Hudler is hit by Bryce Lampman.
17:34 of 2nd period - Cory Sarich is hit by Joe Pavelski.
17:44 of 2nd period - Cory Sarich is hit by Ales Kotalik.
17:52 of 2nd period - Slapshot by Derek Boogaard.
17:52 of 2nd period - Shot Misses the Net.
18:08 of 2nd period - Snap shot by Steve Downie.
18:08 of 2nd period - Stopped by Cory Schneider with a rebound.
18:10 of 2nd period - Slapshot by Cory Sarich.
18:10 of 2nd period - Stopped by Cory Schneider with a rebound.
18:14 of 2nd period - Wrist shot by Steve Downie.
18:14 of 2nd period - Stopped by Cory Schneider with a rebound.
18:27 of 2nd period - Slapshot by Viktor Kozlov.
18:27 of 2nd period - Stopped by Cory Schneider with a rebound.
18:29 of 2nd period - Snap shot by Patrick Marleau.
18:29 of 2nd period - Goal by Patrick Marleau - Blues : 0 - Sabres : 6.
18:30 of 2nd period - Travis Zajac wins face-off versus Jiri Hudler in neutral zone.
18:55 of 2nd period - Tyler Sloan is hit by Ales Kotalik and loses puck.
19:26 of 2nd period - Backhand shot by Derick Brassard.
19:26 of 2nd period - Shot Blocked by Joe Pavelski.
19:28 of 2nd period - Snap shot by Ryan Hollweg.
19:28 of 2nd period - Stopped by Cory Schneider with a rebound.
19:30 of 2nd period - Wrist shot by Niclas Bergfors.
19:30 of 2nd period - Stopped by Cory Schneider with a rebound.
Goals for this period are 0 for Blues vs 5 for Sabres.
Shots for this period are 2 for Blues vs 16 for Sabres.
3rd period
0:01 of 3rd period - Derick Brassard wins face-off versus Travis Zajac in neutral zone.
0:05 of 3rd period - Nicklas Lidstrom and Paul Kariya fight to a draw.
0:05 of 3rd period - Penalty to Nicklas Lidstrom for Fighting.
0:05 of 3rd period - Penalty to Paul Kariya for Fighting.
0:06 of 3rd period - Travis Zajac wins face-off versus Jiri Hudler in Blues zone.
0:33 of 3rd period - Nik Antropov is hit by Ole-Kristian Tollefsen and loses puck.
0:54 of 3rd period - Off-side.
0:55 of 3rd period - Andrew Cogliano wins face-off versus Viktor Kozlov in neutral zone.
0:57 of 3rd period - Off-side.
0:58 of 3rd period - Viktor Kozlov wins face-off versus Andrew Cogliano in neutral zone.
1:24 of 3rd period - Wrist shot by Patrick Marleau.
1:24 of 3rd period - Stopped by Cory Schneider without a rebound.
1:25 of 3rd period - Travis Zajac wins face-off versus Jiri Hudler in Blues zone.
1:25 of 3rd period - Kevin Shattenkirk beats up Cory Sarich.
1:25 of 3rd period - Penalty to Cory Sarich for Fighting.
1:25 of 3rd period - Penalty to Kevin Shattenkirk for Fighting.
1:26 of 3rd period - Andrew Cogliano wins face-off versus Jiri Hudler in Blues zone.
1:33 of 3rd period - Wrist shot by Joni Pitkanen.
1:33 of 3rd period - Stopped by Cory Schneider with a rebound.
1:37 of 3rd period - Slapshot by Jiri Hudler.
1:37 of 3rd period - Shot Misses the Net.
1:39 of 3rd period - Snap shot by Tomas Kopecky.
1:39 of 3rd period - Goal by Tomas Kopecky - Blues : 0 - Sabres : 7.
1:40 of 3rd period - Niclas Bergfors wins face-off versus Travis Zajac in neutral zone.
1:55 of 3rd period - Snap shot by Ryan Hollweg.
1:55 of 3rd period - Shot Misses the Net.
1:58 of 3rd period - Icing by Dan Boyle.
1:59 of 3rd period - Jiri Hudler wins face-off versus Travis Zajac in Blues zone.
2:12 of 3rd period - Ole-Kristian Tollefsen is hit by Marian Hossa and loses puck.
2:24 of 3rd period - Snap shot by Andrew Cogliano.
2:24 of 3rd period - Shot Misses the Net.
2:28 of 3rd period - Wrist shot by Travis Zajac.
2:28 of 3rd period - Goal by Travis Zajac - Blues : 1 - Sabres : 7.
2:29 of 3rd period - Nik Antropov wins face-off versus Derick Brassard in neutral zone.
2:29 of 3rd period - Nik Antropov is hit by Derick Brassard.
2:35 of 3rd period - Snap shot by David Perron.
2:35 of 3rd period - Stopped by Evgeni Nabokov with a rebound.
3:04 of 3rd period - Snap shot by Jiri Hudler.
3:04 of 3rd period - Shot Blocked by Dan Boyle.
3:11 of 3rd period - David Perron is hit by Steve Downie and loses puck.
3:16 of 3rd period - Nik Antropov is hit by Ole-Kristian Tollefsen and loses puck.
4:41 of 3rd period - Wrist shot by Patrick Marleau.
4:41 of 3rd period - Shot Misses the Net.
5:05 of 3rd period - Icing by Joni Pitkanen.
5:06 of 3rd period - Mike Fisher wins face-off versus Travis Zajac in Sabres zone.
5:33 of 3rd period - Off-side.
5:34 of 3rd period - Nik Antropov wins face-off versus Derick Brassard in neutral zone.
5:39 of 3rd period - Backhand shot by Joe Pavelski.
5:39 of 3rd period - Shot Hit the Post.
5:40 of 3rd period - Ryan Hollweg beats up Joe Pavelski.
5:40 of 3rd period - Penalty to Ryan Hollweg for Fighting.
5:40 of 3rd period - Penalty to Joe Pavelski for Fighting.
5:41 of 3rd period - Derick Brassard wins face-off versus Nik Antropov in Sabres zone.
5:41 of 3rd period - Derick Brassard is hit by Bryce Lampman.
6:28 of 3rd period - Icing by Viktor Kozlov.
6:29 of 3rd period - Mike Fisher wins face-off versus Erik Rasmussen in Sabres zone.
6:50 of 3rd period - Minor Penalty to Ales Kotalik for Roughing.
6:51 of 3rd period - Nik Antropov wins face-off versus Derick Brassard in Blues zone.
7:24 of 3rd period - Slapshot by Joni Pitkanen.
7:24 of 3rd period - Shot Blocked by Bryce Lampman.
7:26 of 3rd period - Snap shot by Tomas Kopecky.
7:26 of 3rd period - Stopped by Cory Schneider with a rebound.
7:28 of 3rd period - Slapshot by Jiri Hudler.
7:28 of 3rd period - Stopped by Cory Schneider without a rebound.
7:29 of 3rd period - Andrew Cogliano wins face-off versus Jiri Hudler in Blues zone.
8:50 of 3rd period - Penalty to Ales Kotalik is over, Ales Kotalik is back on ice.
9:08 of 3rd period - Backhand shot by Kevin Shattenkirk.
9:08 of 3rd period - Stopped by Evgeni Nabokov without a rebound.
9:09 of 3rd period - Travis Zajac wins face-off versus Viktor Kozlov in Sabres zone.
9:10 of 3rd period - Wrist shot by Paul Kariya.
9:10 of 3rd period - Shot Misses the Net.
9:37 of 3rd period - Snap shot by Jiri Hudler.
9:37 of 3rd period - Shot Misses the Net.
9:39 of 3rd period - Slapshot by Nicklas Lidstrom.
9:39 of 3rd period - Shot Misses the Net.
9:53 of 3rd period - Erik Rasmussen is hit by Joni Pitkanen and loses puck.
9:58 of 3rd period - Wrist shot by Niclas Bergfors.
9:58 of 3rd period - Stopped by Cory Schneider with a rebound.
10:00 of 3rd period - Slapshot by Niclas Bergfors.
10:00 of 3rd period - Stopped by Cory Schneider with a rebound.
10:19 of 3rd period - Bryce Lampman is hit by Richard Lintner and loses puck.
10:55 of 3rd period - Off-side.
10:56 of 3rd period - Viktor Kozlov wins face-off versus Nik Antropov in neutral zone.
10:59 of 3rd period - Snap shot by Viktor Kozlov.
10:59 of 3rd period - Stopped by Cory Schneider with a rebound.
11:11 of 3rd period - Wrist shot by Viktor Kozlov.
11:11 of 3rd period - Shot Hit the Post.
11:21 of 3rd period - Joni Pitkanen is hit by Kevin Shattenkirk and loses puck.
11:26 of 3rd period - Snap shot by Paul Kariya.
11:26 of 3rd period - Stopped by Evgeni Nabokov with a rebound.
11:44 of 3rd period - Snap shot by Jiri Hudler.
11:44 of 3rd period - Stopped by Cory Schneider with a rebound.
11:46 of 3rd period - Slapshot by Joni Pitkanen.
11:46 of 3rd period - Stopped by Cory Schneider with a rebound.
11:48 of 3rd period - Snap shot by Cory Sarich.
11:48 of 3rd period - Shot Misses the Net.
11:50 of 3rd period - Slapshot by Cory Sarich.
11:50 of 3rd period - Deflect By Derick Brassard.
11:50 of 3rd period - Deflect By Kevin Shattenkirk.
11:50 of 3rd period - Shot Misses the Net.
11:50 of 3rd period - Puck is out of play.
11:51 of 3rd period - Derick Brassard wins face-off versus Nik Antropov in Blues zone.
12:42 of 3rd period - Viktor Kozlov is hit by Bryce Lampman and loses puck.
12:51 of 3rd period - Slapshot by Tyler Sloan.
12:51 of 3rd period - Stopped by Cory Schneider without a rebound.
12:52 of 3rd period - Derick Brassard wins face-off versus Nik Antropov in Blues zone.
13:20 of 3rd period - Backhand shot by Joni Pitkanen.
13:20 of 3rd period - Shot Blocked by Paul Kariya.
14:32 of 3rd period - Wrist shot by Erik Rasmussen.
14:32 of 3rd period - Shot Misses the Net.
15:16 of 3rd period - Sergei Shirokov is hit by Nicklas Lidstrom and loses puck.
15:52 of 3rd period - Travis Zajac is hit by Jiri Hudler and loses puck.
18:27 of 3rd period - Snap shot by Derick Brassard.
18:27 of 3rd period - Goal by Derick Brassard - Blues : 1 - Sabres : 8.
18:28 of 3rd period - Derick Brassard wins face-off versus Nik Antropov in neutral zone.
18:43 of 3rd period - Backhand shot by Derick Brassard.
18:43 of 3rd period - Stopped by Cory Schneider without a rebound.
18:44 of 3rd period - Andrew Cogliano wins face-off versus Viktor Kozlov in Blues zone.
18:53 of 3rd period - Sergei Shirokov is hit by Viktor Kozlov and loses puck.
18:58 of 3rd period - Snap shot by Patrick Marleau.
18:58 of 3rd period - Stopped by Cory Schneider with a rebound.
19:00 of 3rd period - Snap shot by Joni Pitkanen.
19:00 of 3rd period - Deflect By Viktor Kozlov.
19:00 of 3rd period - Stopped by Cory Schneider with a rebound.
19:11 of 3rd period - Major / Game Misconduct Penalty to Jiri Hudler for Unsportsmanlike conduct.
19:11 of 3rd period - Jiri Hudler is ejected from game.
19:12 of 3rd period - Viktor Kozlov wins face-off versus Paul Kariya in Sabres zone.
Goals for this period are 1 for Blues vs 2 for Sabres.
Shots for this period are 4 for Blues vs 15 for Sabres.
Output by the SimonT Hockey Simulator (STHS) for François Prévost -- Original Page W3C XHTML 1.0 Valid